 Dungeon Crawl Stone Soup version 0.26-a0-683-g5206c1d7ac (webtiles) character file.

Game seed: 12205646854048107474

344311 cronotk the Slayer (level 21, 0/192 HPs)
             Began as a Minotaur Fighter on Oct 18, 2020.
             Was the Champion of Makhleb.
             Splashed by the Royal Jelly's acid (5 damage)
             ... on level 5 of the Pits of Slime on Oct 22, 2020.
             The game lasted 04:20:45 (54188 turns).

cronotk the Slayer (Minotaur Fighter)              Turns: 54188, Time: 04:20:46

Health: 0/192      AC: 14    Str: 26 (27) XL:     21   Next: 15%
Magic:  16/16      EV: 10    Int:  3 (5)  God:    Makhleb [******]
Gold:   4586       SH: 29    Dex: 14      Spells: 20/20 levels left

rFire    + . .     SeeInvis .   a - +4 demon blade (elec)
rCold    + + .     Faith    .   p - +2 kite shield
rNeg     + + +     Spirit   .   X - quicksilver dragon scales of the Marlin {rC+ MR+ Stlth+}
rPois    .         Reflect  +   N - +2 hat
rElec    .         Harm     .   Q - scarf {rC+ rF+}
rCorr    +         Rampage  .   c - +1 pair of gloves
MR       +++..                  S - +0 pair of boots "Beat" {*Drain rN+++ MP-9 Dex+2}
Stlth    ++........             B - amulet of reflection
HPRegen  0.42/turn              T - ring of resist corrosion
MPRegen  0.15/turn              u - ring of protection from magic

@: corroded
A: retaliatory headbutt, horns 2, talons 1, large bone plates 1, deformed body,
deterioration 2, frail 1, low mp 1, weak 1, no potion heal 1
}: 2/15 runes: serpentine, barnacled
a: Minor Destruction, Lesser Servant of Makhleb, Major Destruction, Greater
Servant of Makhleb, Renounce Religion


You were on level 5 of the Pits of Slime.
You worshipped Makhleb.
Makhleb was exalted by your worship.
You visited 8 branches of the dungeon, and saw 40 of its levels.
You also visited: Sewer, Bailey and Ice Cave.

You collected 6361 gold pieces.
You spent 1775 gold pieces at shops.

Inventory:

Hand Weapons
 a - a +4 demon blade of electrocution (weapon)
 v - a +1 demon blade of flaming
Missiles
 D - 5 throwing nets (quivered)
Armour
 c - a +1 pair of gloves (worn)
 j - a +0 tower shield
 p - a +2 kite shield (worn)
 I - a +1 cloak of preservation
 N - a +2 hat (worn)
 Q - a scarf of resistance (worn)
 S - the +0 pair of boots "Beat" (worn) {*Drain rN+++ MP-9 Dex+2}
   (You found it on level 3 of the Elven Halls)

   It affects your dexterity (+2).
   It renders you almost immune to negative energy.
   It affects your magic capacity (-9).
   It causes draining when unequipped.
 X - the quicksilver dragon scales of the Marlin (worn) {rC+ MR+ Stlth+}
   (You found it in an ice cave)

   It protects you from cold.
   It affects your resistance to hostile enchantments.
   It makes you more stealthy.
 Z - a +2 pair of boots
Jewellery
 o - an uncursed ring of protection from fire
 u - a ring of protection from magic (right hand)
 B - an amulet of reflection (around neck)
 C - an uncursed ring of flight
 O - an uncursed ring of see invisible
 P - an uncursed ring of poison resistance
 T - a ring of resist corrosion (left hand)
 U - the ring "Ylasur" {rElec rC+ Dex+3 Stlth+}
   (You bought it in a shop on level 1 of the Elven Halls)

   [ring of protection from cold]

   It affects your dexterity (+3).
   It protects you from cold.
   It insulates you from electricity.
   It makes you more stealthy.
 V - an uncursed amulet of regeneration
Wands
 e - a wand of polymorph (12)
 g - a wand of acid (26)
 y - a wand of disintegration (27)
 H - a wand of enslavement (11)
 L - a wand of iceblast (44)
 M - a wand of digging (9)
 R - a wand of paralysis (8)
Scrolls
 f - 7 scrolls of identify
 h - 6 scrolls of enchant armour
 k - 11 scrolls of fear
 l - 19 scrolls of remove curse
 m - 3 scrolls of immolation
 n - 9 scrolls of blinking
 q - 10 scrolls of magic mapping
 s - 4 scrolls of fog
 t - 3 scrolls of summoning
 w - 6 scrolls of enchant weapon
 x - 18 scrolls of teleportation
 K - 2 scrolls of amnesia
 W - a scroll of silence
 Y - a scroll of holy word
Potions
 b - 4 potions of heal wounds
 d - 6 potions of might
 i - a potion of cancellation
 r - 11 potions of curing
 z - 10 potions of flight
 A - 11 potions of ambrosia
 E - 4 potions of resistance
 F - 6 potions of invisibility
 G - 8 potions of lignification
 J - 6 potions of haste


   Skills:
 + Level 24.1 Fighting
 - Level 18.0 Long Blades
 + Level 2.5 Throwing
 + Level 17.9 Armour
 * Level 23.5 Shields
 + Level 11.0 Invocations
 + Level 7.6 Evocations


You had 20 spell levels left.
You didn't know any spells.
Your spell library contained the following spells:

 Spells                   Type           Power        Failure   Level
 Animate Skeleton         Necr           #.....       61%         1
 Apportation              Tloc           #.....       61%         1
 Beastly Appendage        Tmut           #.....       61%         1
 Corona                   Hex            #......      61%         1
 Magic Dart               Conj           #...         61%         1
 Sting                    Tmut/Pois      #...         61%         1
 Summon Small Mammal      Summ           #...         61%         1
 Blink                    Tloc           N/A          75%         2
 Call Imp                 Summ           #.......     75%         2
 Corpse Rot               Necr/Air       N/A          75%         2
 Ensorcelled Hibernation  Hex/Ice        #.....       75%         2
 Poisonous Vapours        Pois/Air       #.....       75%         2
 Searing Ray              Conj           #.....       75%         2
 Slow                     Hex            #.......     75%         2
 Sublimation of Blood     Necr           #.........   75%         2
 Wereblood                Tmut           #.......     75%         2
 Conjure Flame            Conj/Fire      #.......     93%         3
 Dazzling Flash           Conj/Hex       #.....       93%         3
 Gell's Gravitas          Tloc           #.........   93%         3
 Ignite Poison            Fire/Tmut/Pois #.......     93%         3
 Lesser Beckoning         Tloc           #.........   93%         3
 Mephitic Cloud           Conj/Pois/Air  #.......     93%         3
 Spider Form              Tmut/Pois      #.........   93%         3
 Stone Arrow              Conj/Erth      #.....       93%         3
 Summon Guardian Golem    Hex/Summ       #.......     93%         3
 Teleport Other           Tloc           #.......     93%         3
 Tukima's Dance           Hex            #.......     93%         3
 Animate Dead             Necr           #.........   100%        4
 Dispel Undead            Necr           #.......     100%        4
 Fulminant Prism          Conj/Hex       #.........   100%        4
 Ice Form                 Ice/Tmut       #.......     100%        4
 Iskenderun's Mystic Bla  Conj/Tloc      #.......     100%        4
 Olgreb's Toxic Radiance  Pois           #.......     100%        4
 Passage of Golubria      Tloc           N/A          100%        4
 Petrify                  Tmut/Erth      #.......     100%        4
 Summon Lightning Spire   Summ/Air       #.......     100%        4
 Agony                    Necr           #.......     100%        5
 Alistair's Intoxication  Tmut/Pois      #........    100%        5
 Blade Hands              Tmut           #.........   100%        5
 Borgnjor's Vile Clutch   Necr/Erth      #.........   100%        5
 Excruciating Wounds      Necr           #.........   100%        5
 Irradiate                Conj/Tmut      #.........   100%        5
 Silence                  Hex/Air        #.........   100%        5
 Summon Forest            Summ/Tloc      #.........   100%        5
 Conjure Ball Lightning   Conj/Air       #.........   100%        6
 Death Channel            Necr           #.........   100%        6
 Eringya's Noxious Bog    Tmut/Pois      #.........   100%        6
 Hydra Form               Tmut           #.........   100%        6
 Invisibility             Hex            #.......     100%        6
 Shadow Creatures         Summ           N/A          100%        6
 Simulacrum               Ice/Necr       #.........   100%        6
 Summon Hydra             Summ           #.........   100%        7
 Chain Lightning          Conj/Air       #.........   100%        8
 Disjunction              Tloc           #.........   100%        8
 Lehudib's Crystal Spear  Conj/Erth      #.........   100%        8
 Absolute Zero            Ice            #.........   100%        9
 Dragon's Call            Summ           #.........   100%        9
 Fire Storm               Conj/Fire      #.........   100%        9
 Tornado                  Air            #.........   100%        9


Dungeon Overview and Level Annotations

Branches:
Dungeon (15/15)            Temple (1/1) D:6            Lair (6/6) D:11
 Shoals (4/4) Lair:2        Snake (4/4) Lair:2        Slime (5/5) Lair:6
    Orc (2/2) D:11            Elf (3/3) Orc:2        Vaults (0/5) D:14
 Depths (0/5) D:15          Sewer (visited)          Bailey (visited)
  IceCv (visited)

Altars:
Ashenzari
Cheibriados
Dithmenos
Elyvilon
Fedhas
Gozag
Hepliaklqana
Kikubaaqudgha
Makhleb
Nemelex Xobeh
Okawaru
Qazlal
Ru
Sif Muna
Trog
Uskayaw
Vehumet
Wu Jian
Xom
Yredelemnul
Zin
The Shining One
Beogh

Shops:
D:9 *   D:14 (   Orc:2 (*:?   Elf:1 =}}

Portals:
Pandemonium: Orc:2

Annotations:
D:7 exclusions: 2 electric eels and 13 more exclusions
D:11 exclusion: obsidian statue
D:13 2 runed translucent doors, exclusion: 2 doors, Tytiucw's ghost, journeyman OgTm
Slime:5 Royal Jelly
Elf:1 3 runed translucent doors, Muvawnih's ghost, adept MiFi


Innate Abilities, Weirdness & Mutations

You reflexively headbutt those who attack you in melee.
You have a pair of horns on your head.
You have sharp toenails.
You are partially covered in large bone plates. (SH +4)
Armour fits poorly on your strangely shaped body.
Your body often deteriorates upon taking damage.
You are frail. (-10% HP)
Your magical capacity is low. (-10% MP)
You are weak. (Str -2)
Potions are less effective at restoring your health.


Message History

The death ooze barely misses you.
You riposte.
You slice the death ooze!!
Lightning courses through the death ooze!
You headbutt the death ooze!
The death ooze is almost destroyed.
You block the death ooze's attack.
There is a stone staircase leading up here.
You block the death ooze's attack. x2; The azure jelly closely misses you.
You furiously retaliate!
You headbutt the azure jelly! You block the azure jelly's attack.
The azure jelly hits you but does no damage.
The azure jelly hits you.
* * * LOW HITPOINT WARNING * * *
The Royal Jelly hits you!!
* * * LOW HITPOINT WARNING * * *
The acid corrodes you!
You are splashed with acid.
You resist.
* * * LOW HITPOINT WARNING * * *
The Royal Jelly hits you!
* * * LOW HITPOINT WARNING * * *
You are splashed with acid.
You resist.
You die...

####.####...............
...#...#................
....(...................
........................
........................
........................
.............5JJ......#
............3.JJ@..#
............4.JJ..##
..................#
..................#
.................##
................##
................#
.......^......###
...##.####.####


You could see the Royal Jelly (misshapen), an acid blob, 2 azure jellies, 2
death oozes, a friendly orange demon (summoned), a friendly ynoxinul (summoned,
corroded) and a friendly ufetubus (summoned).

Vanquished Creatures
  Vashnia (Snake:1)
  Jorgrun (Orc:1)
  2 deep elf blademasters (Elf:3)
  5 deep elf master archers (Elf:3)
  18 acid blobs
  A kraken (Shoals:1)
  Frances (D:12)
  The ghost of Caigor the Covert, an adept HuAr of Trog (Shoals:3)
  Kirke (Lair:6)
  The ghost of Vaudiz the Severer, an adept GrFi of Okawaru (Shoals:3)
  A tengu reaver (D:12)
  10 azure jellies
  10 nagarajas
  4 deep elf sorcerers (Elf:3)
  2 deep elf elementalists (Elf:3)
  4 deep elf demonologists
  Nessos (D:11)
  A dire elephant (Lair:4)
  7 deep elf annihilators (Elf:3)
  4 merfolk javelineers
  The ghost of Xureok the Thaumaturge, a journeyman DEIE of Vehumet (Lair:4)
  3 death oozes
  3 merfolk impalers
  A deep elf death mage (Elf:3)
  12 hydras
  4 vault guards
  Harold (Orc:1)
  An ice dragon (Lair:3)
  8 great orbs of eyes
  16 naga warriors
  6 boulder beetles
  2 rakshasas
  3 merfolk avatars
  5 anacondas
  A catoblepas (Lair:4)
  3 centaur warriors
  4 two-headed ogres
  5 satyrs
  4 merfolk aquamancers
  28 dancing weapons
  A tengu warrior (D:15)
  5 spriggan berserkers (Elf:3)
  5 death yaks
  5 shock serpents
  6 orc high priests
  A soul eater (Orc:2)
  21 naga sharpshooters
  A small abomination (Elf:3)
  12 deep elf knights
  3 salamander mystics (Snake:4)
  3 unseen horrors
  An infernal demonspawn (Orc:2)
  5 naga ritualists
  10 sea snakes
  A torturous demonspawn (Orc:2)
  A gelid demonspawn (Orc:2)
  3 lindwurms
  10 deep elf archers
  11 harpies
  A necromancer (IceCv)
  39 deep elf magi
  9 ugly things
  8 mana vipers
  5 oklob plants
  9 orc knights
  5 manticores
  8 shining eyes
  20 fauns
  8 orc sorcerers
  8 cyclopes
  12 elephants
  12 salamanders
  A black mamba (shapeshifter) (D:15)
  4 merfolk sirens
  7 eyes of devastation
  6 gargoyles
  4 torpor snails
  A water nymph (Shoals:3)
  4 molten gargoyles (D:15)
  7 guardian serpents
  3 ice statues (IceCv)
  26 naga magi
  3 centaur skeletons
  39 black mambas
  17 cane toads
  A kobold demonologist (D:14)
  8 rime drakes
  An efreet (D:13)
  6 ice devils (IceCv)
  12 komodo dragons
  3 meliai (Lair:5)
  A queen bee (Lair:5)
  24 merfolk
  A queen bee (shapeshifter) (D:15)
  8 trolls
  4 wind drakes
  6 polar bears
  6 hornets
  7 snapping turtles
  135 slime creatures
  22 blink frogs
  12 dream sheep
  A wraith (D:10)
  2 air elementals
  A shadow (D:10)
  9 wyverns
  52 yaks
  A ynoxinul (Orc:2)
  5 basilisks
  13 water elementals
  A golden eye (Slime:2)
  A hog (D:12)
  4 fire elementals
  A golden eye (shapeshifter) (Elf:3)
  A steam dragon (Lair:3)
  53 nagas
  2 acid dragons
  2 wargs
  A soldier ant (D:13)
  21 water moccasins
  46 orc warriors
  5 phantoms
  9 sky beasts
  10 eyes of draining
  12 ice beasts
  3 black bears
  13 ogres
  3 necrophages
  12 wolves
  An eye of draining (shapeshifter) (D:15)
  5 boggarts (D:15)
  14 centaurs
  An ogre (shapeshifter) (D:15)
  A big kobold (D:10)
  2 earth elementals
  23 bullfrogs
  2 wyvern skeletons (D:14)
  4 scorpions
  31 killer bees (Lair:5)
  21 wights
  3 howler monkeys (D:9)
  2 electric eels
  2 centaur zombies
  2 draconian simulacra (IceCv)
  A quasit (D:9)
  3 hounds
  16 jellies
  43 orc priests
  A gnoll shaman (D:7)
  24 orc wizards
  Ijyb (D:3)
  A bullfrog skeleton (D:11)
  Jessica (D:2)
  8 iguanas
  12 worker ants
  A troll simulacrum (IceCv)
  2 hell rats (Lair:5)
  A killer bee zombie (D:8)
  A spriggan simulacrum (IceCv)
  3 centaur simulacra (IceCv)
  2 worker ant zombies
  4 gnolls (D:7)
  20 adders
  2 naga simulacra (IceCv)
  An ogre simulacrum (IceCv)
  A shadow imp (D:9)
  A white imp (D:6)
  3 ufetubi
  3 oozes
  3 adder zombies
  An adder skeleton (D:4)
  3 worms
  A dart slug (D:4)
  9 leopard geckos
  90 orcs
  5 ball pythons
  9 giant cockroaches
  12 goblins
  8 hobgoblins
  17 jackals
  29 kobolds
  7 quokkas
  8 bats
  4 frilled lizards
  A jackal skeleton (D:6)
  A leopard gecko skeleton (D:4)
  A quokka skeleton (D:4)
  5 rats
  A crawling corpse (Elf:3)
  4 tentacles (Shoals:1)
1588 creatures vanquished.

Vanquished Creatures (collateral kills)
  Nikola (Shoals:2)
  A cyclops (Shoals:2)
  A snapping turtle (Shoals:2)
  2 electric eels (Lair:3)
  An orc wizard (Orc:1)
  3 goblins (Orc:1)
9 creatures vanquished.

Vanquished Creatures (others)
  A deep elf annihilator (Elf:3)
  A naga warrior (Snake:3)
  A naga mage (Snake:4)
  7 humans (Lair:6)
  A water moccasin (Lair:6)
  A bullfrog (D:6)
  A killer bee (Lair:5)
  An orc wizard (D:6)
  An orc (D:6)
  A giant cockroach (D:6)
  A quokka (D:6)
  61 fungi
  272 plants
  4 tentacles (Shoals:1)
  7 toadstools (Lair:4)
  6 withered plants (Shoals:3)
367 creatures vanquished.

Grand Total: 1964 creatures vanquished

Notes
Turn   | Place    | Note
-------+----------+-------------------------------------------
     0 | D:1      | cronotk the Minotaur Fighter began the quest for the Orb.
     0 | D:1      | Reached XP level 1. HP: 19/19 MP: 0/0
   218 | D:1      | Reached XP level 2. HP: 27/27 MP: 1/1
   283 | D:1      | Reached skill level 4 in Fighting
   588 | D:1      | Reached XP level 3. HP: 33/33 MP: 2/2
  1366 | D:2      | Reached XP level 4. HP: 41/41 MP: 3/3
  1391 | D:2      | Noticed Jessica
  1424 | D:2      | Killed Jessica
  2116 | D:3      | Noticed an ogre
  2119 | D:3      | Reached skill level 5 in Fighting
  2119 | D:3      | Reached XP level 5. HP: 48/48 MP: 4/4
  2125 | D:3      | Killed an ogre
  2140 | D:3      | Found a glowing drain.
  2167 | Sewer    | Entered a sewer
  2354 | Sewer    | Reached XP level 6. HP: 56/56 MP: 5/5
  2841 | D:3      | Noticed Ijyb
  2853 | D:3      | Killed Ijyb
  2995 | D:3      | Found a sacrificial altar of Ru.
  3347 | D:3      | Reached skill level 5 in Long Blades
  3472 | D:4      | Found a glowing silver altar of Zin.
  3472 | D:4      | Found an ornate altar of the Wu Jian Council.
  3472 | D:4      | Found a broken altar of Ashenzari.
  3510 | D:3      | Reached skill level 6 in Fighting
  3510 | D:3      | Reached skill level 5 in Shields
  3619 | D:4      | Reached skill level 5 in Armour
  3619 | D:4      | Reached XP level 7. HP: 53/63 MP: 6/6
  4115 | D:4      | Reached skill level 7 in Fighting
  4539 | D:5      | Entered Level 5 of the Dungeon
  4769 | D:5      | Reached XP level 8. HP: 70/73 MP: 7/7
  5648 | D:6      | Reached skill level 8 in Fighting
  5762 | D:6      | Found a shimmering altar of Xom.
  5956 | D:6      | Reached XP level 9. HP: 46/82 MP: 8/8
  6531 | D:6      | Reached skill level 9 in Fighting
  7046 | D:6      | Found a staircase to the Ecumenical Temple.
  7058 | Temple   | Entered the Ecumenical Temple
  7079 | Temple   | Became a worshipper of Makhleb the Destroyer
  7376 | D:6      | Found a white marble altar of Elyvilon.
  7491 | D:7      | Noticed a two-headed ogre
  7513 | D:6      | Killed a two-headed ogre
  7819 | D:6      | Reached skill level 10 in Fighting
  8098 | D:7      | Reached * piety under Makhleb
  8474 | D:7      | Reached XP level 10. HP: 70/93 MP: 9/9
  8847 | D:7      | Reached skill level 10 in Long Blades
  8857 | D:7      | Found a shimmering altar of Xom.
  8992 | D:7      | Noticed a gargoyle
  9000 | D:7      | Killed a gargoyle
  9089 | D:7      | Noticed a gargoyle
  9103 | D:7      | Killed a gargoyle
  9311 | D:7      | Noticed a gargoyle
  9318 | D:7      | Killed a gargoyle
  9338 | D:7      | Noticed a gargoyle
  9353 | D:7      | Killed a gargoyle
  9698 | D:8      | Noticed a gargoyle
  9758 | D:8      | Killed a gargoyle
  9758 | D:8      | Reached skill level 11 in Fighting
  9758 | D:8      | Reached skill level 10 in Shields
 10046 | D:8      | Noticed Maggie
 10066 | D:8      | Noticed Maggie
 10066 | D:8      | Maggie changed into Maggie the sky beast
 10072 | D:8      | Killed Maggie the sky beast
 10496 | D:8      | Reached ** piety under Makhleb
 10822 | D:9      | Found Veazy's General Store.
 10837 | D:9      | Bought a scroll of magic mapping for 56 gold pieces
 10968 | D:9      | Reached skill level 1 in Evocations
 11473 | D:9      | Reached XP level 11. HP: 100/100 MP: 10/10
 11691 | D:9      | Identified 2 scrolls of acquirement
 11691 | D:9      | Acquired a +0 demon blade of venom
 11698 | D:10     | Entered Level 10 of the Dungeon
 12070 | D:10     | Reached *** piety under Makhleb
 12648 | D:11     | Found a staircase to the Orcish Mines.
 12665 | D:10     | Reached skill level 1 in Invocations
 13288 | D:11     | Reached **** piety under Makhleb
 13587 | D:11     | Noticed an obsidian statue
 13624 | D:11     | Found a staircase to the Lair.
 13775 | D:11     | Killed an unseen horror
 14249 | D:12     | Got a translucent short sword
 14288 | D:12     | Noticed Sonja
 14511 | D:12     | Noticed Frances
 14523 | D:12     | Noticed a sun demon
 14569 | D:12     | Killed Frances
 14569 | D:12     | Reached skill level 12 in Fighting
 14575 | D:12     | Reached XP level 12. HP: 99/110 MP: 11/13
 14953 | D:12     | Noticed Nessos
 14954 | D:12     | Noticed Sonja
 14954 | D:12     | Sonja changed into Sonja the hog
 14966 | D:12     | Killed Sonja the hog
 14967 | D:12     | Noticed a four-headed hydra
 15270 | D:11     | Killed Nessos
 15292 | D:11     | Killed a four-headed hydra
 15292 | D:11     | Reached skill level 10 in Armour
 15487 | D:11     | Identified the +9 short sword "Qivirawe" {venom, rPois}
                  | (You found it on level 12 of the Dungeon)
 15561 | D:12     | Found a roughly hewn altar of Beogh.
 15567 | D:12     | Reached ***** piety under Makhleb
 15728 | D:12     | Noticed a two-headed ogre
 15741 | D:12     | Killed a two-headed ogre
 15883 | D:12     | Noticed a tengu reaver
 15904 | D:12     | Killed a tengu reaver
 16136 | D:12     | Identified Ykhadamn's Volume of Calling and Dislocation
 16275 | D:13     | Noticed a boulder beetle
 16286 | D:13     | Killed a boulder beetle
 16506 | D:13     | Noticed a boulder beetle
 16521 | D:13     | Killed a boulder beetle
 16583 | D:13     | Found a large runed translucent door.
 16583 | D:13     | Found a large runed translucent door.
 16584 | D:13     | Noticed Tytiucw's ghost (journeyman OgTm)
 16597 | D:13     | Noticed a centaur warrior
 16611 | D:13     | Killed a centaur warrior
 17182 | D:14     | Reached skill level 5 in Invocations
 17182 | D:14     | Reached XP level 13. HP: 86/117 MP: 15/15
 17294 | D:14     | Found Xeaxtegi's Antique Weapon Boutique.
 17376 | D:14     | Found a shadowy altar of Dithmenos.
 17691 | D:14     | Reached skill level 13 in Fighting
 17699 | D:14     | Found a gate to the Vaults.
 18361 | D:15     | Entered Level 15 of the Dungeon
 18478 | D:14     | Reached ****** piety under Makhleb
 18614 | D:15     | Found a frozen archway.
 18657 | D:15     | Reached skill level 15 in Shields
 18693 | IceCv    | Entered an ice cave
 19611 | IceCv    | Got a scorched leather armour
 19614 | IceCv    | Got ancient quicksilver dragon scales
 19717 | D:14     | Identified the +1 leather armour "Senycedwi" {+Inv MP+9
                  | Int+5} (You found it in an ice cave)
 19729 | D:14     | Identified the quicksilver dragon scales of the Marlin {rC+
                  | MR+ Stlth+} (You found it in an ice cave)
 20174 | D:15     | Reached skill level 14 in Fighting
 20191 | D:15     | Reached XP level 14. HP: 130/130 MP: 18/18
 21302 | D:15     | Found a staircase to the Depths.
 21396 | Orc:1    | Entered Level 1 of the Orcish Mines
 21472 | Orc:1    | Noticed Harold
 21511 | Orc:1    | Killed Harold
 21584 | Orc:1    | Found a flagged portal.
 21590 | Bailey   | Entered a bailey
 22156 | Orc:1    | Noticed Jorgrun
 22205 | Orc:1    | Killed Jorgrun
 22329 | Orc:1    | Paralysed by an orc sorcerer for 6 turns
 22691 | Orc:2    | Entered Level 2 of the Orcish Mines
 23062 | Orc:2    | Found a staircase to the Elven Halls.
 23622 | Orc:2    | Found Zeff's General Store.
 23682 | Orc:2    | Found Heprir's Magic Scroll Boutique.
 24017 | Orc:2    | Bought a potion of curing for 48 gold pieces
 24017 | Orc:2    | Bought a scroll of enchant weapon for 120 gold pieces
 24017 | Orc:2    | Bought a scroll of teleportation for 48 gold pieces
 24019 | Orc:2    | Bought a scroll of identify for 28 gold pieces
 24019 | Orc:2    | Bought a scroll of identify for 28 gold pieces
 24019 | Orc:2    | Bought a scroll of holy word for 105 gold pieces
 24112 | Orc:2    | Reached skill level 15 in Fighting
 25226 | Orc:2    | Paralysed by an orc sorcerer for 6 turns
 25290 | Orc:2    | Found Xijeqeed's Antique Weapon Emporium.
 25290 | Orc:2    | Found Judus's Book Shoppe.
 25290 | Orc:2    | Found a one-way gate leading to the halls of Pandemonium.
 25372 | Lair:1   | Entered Level 1 of the Lair of Beasts
 25373 | Lair:1   | Upgraded the game from 0.26-a0-667-g92642533e4 to
                  | 0.26-a0-682-g294304f6e8
 25690 | Lair:1   | Reached XP level 15. HP: 139/139 MP: 20/20
 26745 | Lair:2   | Found a staircase to the Snake Pit.
 27174 | Lair:2   | Found a staircase to the Shoals.
 27435 | Lair:3   | Reached skill level 5 in Evocations
 28326 | Lair:3   | HP: 4/141 [acid (7)]
 29087 | Lair:3   | Reached skill level 16 in Fighting
 29411 | Lair:4   | Found a runed translucent gate.
 29412 | Lair:4   | Found a runed translucent gate.
 29419 | Lair:4   | Found a runed translucent gate.
 29421 | Lair:4   | Noticed Xureok's ghost (journeyman DEIE)
 30165 | Lair:4   | Killed Xureok's ghost
 30569 | Lair:4   | Found a runed translucent door.
 31202 | Lair:5   | Reached XP level 16. HP: 150/150 MP: 21/21
 31621 | Lair:5   | Reached skill level 15 in Long Blades
 32070 | Lair:6   | Entered Level 6 of the Lair of Beasts
 32319 | Lair:6   | Reached skill level 17 in Fighting
 32678 | Lair:6   | Noticed Kirke
 32707 | Lair:6   | Killed Kirke
 32834 | Lair:6   | Found a staircase to the Slime Pits.
 33494 | Elf:1    | Entered Level 1 of the Elven Halls
 33703 | Elf:1    | Reached skill level 10 in Invocations
 34012 | Elf:1    | Noticed an Executioner
 34170 | Elf:1    | Identified the Catalogue of Weirdness
 34300 | Elf:1    | Found a runed translucent gate.
 34300 | Elf:1    | Found a runed translucent gate.
 34304 | Elf:1    | Found a runed translucent gate.
 34304 | Elf:1    | Noticed Muvawnih's ghost (adept MiFi)
 34305 | Elf:1    | Noticed a deep elf master archer
 34306 | Elf:1    | Found an iron altar of Okawaru.
 34477 | Elf:1    | Found Ociud's Jewellery Shop.
 34477 | Elf:1    | Found Ficylef's Gadget Emporium.
 34478 | Elf:1    | Found Noutur's Gadget Emporium.
 34491 | Elf:1    | Bought an uncursed ring of resist corrosion for 360 gold
                  | pieces
 34491 | Elf:1    | Bought the ring "Ylasur" {rElec rC+ Dex+3 Stlth+} for 865
                  | gold pieces
 34491 | Elf:1    | Bought a cursed -4 ring of evasion for 36 gold pieces
 34491 | Elf:1    | Bought a cursed ring of teleportation for 81 gold pieces
 34970 | Elf:2    | Reached XP level 17. HP: 161/161 MP: 23/23
 35116 | Elf:2    | Reached skill level 18 in Fighting
 35615 | Elf:2    | Found a runed translucent gate.
 35615 | Elf:2    | Found a runed translucent gate.
 35615 | Elf:2    | Found a runed translucent gate.
 35695 | Elf:3    | Entered Level 3 of the Elven Halls
 35777 | Elf:3    | Identified the cursed +0 pair of boots "Beat" {*Drain rN+++
                  | MP-9 Dex+2} (You found it on level 3 of the Elven Halls)
 36765 | Elf:3    | Found a bloodstained altar of Trog.
 36851 | Elf:3    | HP: 1/163 [spriggan berserker/+2 rapier of electrocution
                  | (19)]
 37548 | Elf:3    | Noticed a deep elf master archer
 37567 | Elf:3    | Killed a deep elf master archer
 37801 | Elf:3    | Noticed a deep elf master archer
 37816 | Elf:3    | Killed a deep elf master archer
 37824 | Elf:3    | Noticed a deep elf master archer
 37845 | Elf:3    | Killed a deep elf master archer
 37866 | Elf:3    | Noticed a deep elf blademaster
 37901 | Elf:3    | Killed a deep elf blademaster
 37930 | Elf:3    | Noticed a Tzitzimitl
 38225 | Elf:3    | Reached skill level 15 in Armour
 38607 | Elf:3    | Noticed a deep elf master archer
 38616 | Elf:3    | Noticed a deep elf blademaster
 38617 | Elf:3    | Killed a deep elf master archer
 38640 | Elf:3    | Killed a deep elf blademaster
 38799 | Elf:3    | Noticed a deep elf master archer
 38814 | Elf:3    | Killed a deep elf master archer
 38814 | Elf:3    | Reached skill level 19 in Fighting
 38822 | Elf:3    | Identified the +6 lajatang of Fear {vorpal, Str+3 Dex+2}
 39443 | Elf:2    | Reached XP level 18. HP: 158/176 MP: 24/24
 39757 | Elf:2    | Upgraded the game from 0.26-a0-682-g294304f6e8 to
                  | 0.26-a0-683-g5206c1d7ac
 39991 | Snake:1  | Entered Level 1 of the Snake Pit
 40343 | Snake:1  | Reached skill level 20 in Fighting
 40900 | Snake:2  | Noticed Vashnia
 40918 | Snake:1  | Killed Vashnia
 41664 | Snake:2  | Identified the +3 mace of Kaucs {drain, *Rage rElec rC-
                  | Str+8} (You found it on level 2 of the Snake Pit)
 42211 | Snake:3  | Identified the +5 mace of Infinity {drain, rF+} (You found
                  | it on level 3 of the Snake Pit)
 42389 | Snake:3  | Reached skill level 21 in Fighting
 42948 | Snake:4  | Entered Level 4 of the Snake Pit
 43117 | Snake:3  | Acquired 776 gold pieces
 43492 | Snake:4  | Reached XP level 19. HP: 184/191 MP: 25/25
 43894 | Snake:4  | Reached skill level 22 in Fighting
 44284 | Snake:4  | Got a serpentine rune of Zot
 44727 | Shoals:1 | Entered Level 1 of the Shoals
 45770 | Shoals:2 | Reached skill level 23 in Fighting
 45919 | Shoals:2 | Noticed Nikola
 45928 | Shoals:2 | Killed Nikola
 46467 | Shoals:3 | Found a runed translucent gate.
 46467 | Shoals:3 | Found a runed translucent gate.
 46467 | Shoals:3 | Found a runed translucent gate.
 46877 | Shoals:3 | Noticed Vaudiz's ghost (adept GrFi)
 46877 | Shoals:3 | Noticed Caigor's ghost (adept HuAr)
 47502 | Shoals:4 | Entered Level 4 of the Shoals
 47676 | Shoals:3 | Killed Vaudiz's ghost
 47710 | Shoals:3 | Killed Caigor's ghost
 48263 | Shoals:3 | Reached XP level 20. HP: 182/204 MP: 26/26
 48490 | Shoals:4 | Got a barnacled rune of Zot
 49249 | Slime:1  | Entered Level 1 of the Pits of Slime
 49548 | Slime:1  | Gained mutation: Armour fits poorly on your strangely
                  | shaped body. [a shining eye]
 50124 | Slime:1  | Gained mutation: Your magical capacity is low. (-10% MP) [a
                  | shining eye]
 50198 | Slime:1  | Gained mutation: You are weak. (Str -2) [a shining eye]
 50202 | Slime:1  | Gained mutation: You have sharp toenails. [a shining eye]
 52499 | Slime:3  | Gained mutation: Your body sometimes deteriorates upon
                  | taking damage. [a shining eye]
 52510 | Slime:3  | Gained mutation: You are frail. (-10% HP) [a shining eye]
 52891 | Slime:4  | Gained mutation: Potions are less effective at restoring
                  | your health. [a shining eye]
 52892 | Slime:4  | Gained mutation: You are partially covered in large bone
                  | plates. (SH +4) [a shining eye]
 52895 | Slime:4  | Gained mutation: Your body often deteriorates upon taking
                  | damage. [a shining eye]
 53262 | Slime:4  | Reached skill level 24 in Fighting
 53381 | Slime:5  | Entered Level 5 of the Pits of Slime
 53498 | Slime:4  | Reached skill level 1 in Throwing
 53704 | Slime:5  | Reached XP level 21. HP: 192/192 MP: 16/25
 54169 | Slime:5  | Noticed the Royal Jelly
 54188 | Slime:5  | HP: 5/192 [the Royal Jelly (14)]
 54188 | Slime:5  | Splashed by the Royal Jelly's acid

Illustrated notes

Levels and vault maps discovered:
D:1:      roderic_octagonal_star, layout_basic
D:2:      minmay_recursive_quarters, layout_basic, uniq_jessica
D:3:      layout_basic, portal_sewer_entry_f, nicolae_ru_sacrificial_ziggurat,
          uniq_ijyb
D:4:      layout_loops_ring, gammafunk_temple_overflow_claw
D:5:      layout_basic
D:6:      layout_loops_ring, lemuel_round_altar, minmay_temple_entry_offerings,
          xom_confusion_cloud
D:7:      cheibrodos_statue_roulette, layout_rooms, basic_altar,
          serial_bayou_lake_a, uniq_duvessa
D:8:      layout_loops_ring, minmay_holes, corner_web_ring,
          hangedman_minor_gate_pass, uniq_maggie
D:9:      layout_roguey, serial_shops, nicolae_shop_waterfront
D:10:     layout_basic, minmay_misc_feat_square
D:11:     minmay_statue_hallways, layout_basic, due_lair_maze_entry_diamond
D:12:     layout_basic, special_room [special_room_orc],
          kennysheep_just_a_vault, uniq_frances, uniq_sonja, uniq_nessos
D:13:     layout_roguey, ebering_ghost_disaster_area
D:14:     layout_rooms, lightli_vaults_fourway_checkpoint,
          nicolae_dithmenos_shadow_blocks, serial_shops, nicolae_shop_stone
D:15:     gammafunk_enter_depths_forms, layout_basic,
          portal_ice_cave_entry_ice_beasts, kennysheep_crisscross, minivault_8
Temple:   compressed_dpeg_circular_temple
Lair:1:   layout_gridlike
Lair:2:   layout_cellular_growth, minmay_shoals_entry_hut,
          minmay_snake_entry_spellcaster, infiniplex_staircase_pool,
          grunt_megastairs_4
Lair:3:   dragon1_lemuel, layout_chaotic_city, cheibrodos_lair_reptile_den,
          minmay_lair_oklob_chamber, serial_bayou_shore_a, grunt_megastairs_5
Lair:4:   gammafunk_lair_enchanted_lake, layout_regular_city,
          gammafunk_ghost_split, chequers_serial_rivers_large_a,
          chequers_serial_rivers_micro_c, infiniplex_staircase_pool_2
Lair:5:   regret_index_bee_streams, layout_loops_ring
Lair:6:   gammafunk_lair_ancient_temple, layout_misc_corridors,
          minmay_slime_entry_jelly_boxes, uniq_kirke
Shoals:1: cheibrodos_shoals_baths, layout_shoals,
          nicolae_shoals_kraken_intersection
Shoals:2: layout_shoals, overgrown_hall, uniq_nikola
Shoals:3: layout_shoals, gammafunk_ghost_cemetery
Shoals:4: shoals_end_grunt_garden, layout_shoals
Snake:1:  layout_onion_interference
Snake:2:  layout_concentric_octagons, lemuel_fruit_tree, serial_bayou_shore_b,
          uniq_vashnia
Snake:3:  layout_misc_corridors
Snake:4:  snake_pit, layout_cave_town, grunt_megastairs_2
Slime:1:  layout_caves
Slime:2:  layout_caves, cheibrodos_slime_lost_civilization_7
Slime:3:  cheibrodos_slime_lost_civilization_9, layout_caves
Slime:4:  layout_caves, cheibrodos_slime_lost_civilization_5
Slime:5
Orc:1:    layout_diamond_mine, enter_bailey_3, uniq_harold, uniq_jorgrun
Orc:2:    pf_orc_diabolical, layout_diamond_mine
Elf:1:    layout_geoelf_diagonals, gammafunk_ghost_fury_of_okawaru,
          minmay_elf_demonology, minmay_shop_grove
Elf:2:    layout_onion_city
Elf:3:    minmay_elf_hall, layout_loops_cross, evilmike_spriggan_trog_shrine

Skill      XL: |  1  2  3  4  5  6  7  8  9 10 11 12 13 14 15 16 17 18 19 20 21 |
---------------+----------------------------------------------------------------+-----
Fighting       | 4 5 6 7 8 10 11 12 14 15 16 17 19 21 23 24 | 24.1
Long Blades    | 3 4 5 6 8 9 11 12 13 14 15 16 17 18 | 18.0
Shields        | 4 5 7 9 10 12 13 15 16 17 18 20 21 22 23 | 23.5
Armour         | 4 5 6 7 8 9 10 11 12 13 14 15 16 17 | 17.9
Evocations     | 1 3 4 5 6 7 |  7.6
Invocations    | 3 5 6 8 9 10 11 | 11.0
Throwing       | 1 2 |  2.5

Action                   |  1- 3 |  4- 6 |  7- 9 | 10-12 | 13-15 | 16-18 | 19-21 || total
-------------------------+-------+-------+-------+-------+-------+-------+-------++-------
Melee: Long sword        |   102 |   153 |   387 |   246 |       |       |       ||   888
       Headbutt          |    16 |    27 |    85 |   218 |   494 |   457 |   476 ||  1773
       Demon blade       |       |       |       |   587 |  1856 |  1800 |  1451 ||  5694
       Morningstar       |       |       |       |     7 |       |       |       ||     7
       Short sword       |       |       |       |       |    18 |       |       ||    18
Throw: Throwing net      |       |       |       |       |       |       |     2 ||     2
Invok: Minor Destruction |       |       |       |     2 |     1 |       |       ||     3
       Lesser Servant of |       |       |       |       |     4 |     3 |     7 ||    14
       Major Destruction |       |       |       |       |       |     4 |     7 ||    11
       Greater Servant o |       |       |       |       |       |     1 |     1 ||     2
 Abil: Evoke Flight      |       |       |       |       |     2 |       |       ||     2
Evoke: Wand              |       |       |       |     4 |    13 |     3 |       ||    20
       Lightning rod     |       |       |       |       |       |     1 |       ||     1
  Use: Scroll            |       |     2 |    10 |     4 |    21 |    10 |     2 ||    49
       Potion            |       |       |       |       |     1 |     1 |       ||     2
 Stab: Petrified         |       |       |       |       |     7 |       |       ||     7
       Distracted        |       |       |       |       |     1 |     1 |     2 ||     4
       Sleeping          |       |       |       |       |       |     7 |     6 ||    13
Armor: Scale mail        |    18 |       |       |       |       |       |       ||    18
       Chain mail        |    31 |    44 |   136 |    28 |       |       |       ||   239
       Plate armour      |       |       |       |   231 |    94 |       |       ||   325
       Quicksilver drago |       |       |       |       |   252 |   392 |   334 ||   978
       Acid dragon scale |       |       |       |       |    21 |       |       ||    21
Dodge: Dodged            |    32 |    25 |    54 |   127 |   263 |   233 |   258 ||   992
Block: Kite shield       |    66 |    69 |   174 |   384 |  1055 |  1424 |  1345 ||  4517
       Reflection        |       |       |       |       |    70 |   160 |   209 ||   439
       Rpst.: Long sword |     9 |     7 |    17 |    12 |       |       |       ||    45
       Demon blade       |       |       |       |     9 |    60 |    51 |    41 ||   161

Table legend: (Time is in decaauts)
 A = Elapsed time spent in this place.
 B = Non-inter-level travel time spent in this place.
 C = Inter-level travel time spent in this place.
 D = Time resting spent in this place.
 E = Time spent auto-exploring this place.
 F = Levels seen in this place.
 G = Mean time per level.
                   A        B        C        D        E       F      G
               +--------+--------+--------+--------+--------+-----+--------+
         Total |  52843 |  48219 |   4624 |  12936 |  20268 |  43 | 1228.9 |
       Dungeon |  19662 |  18076 |   1586 |   5317 |   7734 |  15 | 1310.8 |
        Temple |    125 |     88 |     37 |      0 |     83 |   1 |  125.0 |
          Lair |   8280 |   7043 |   1237 |   1002 |   3697 |   6 | 1380.0 |
        Shoals |   4479 |   4106 |    373 |    965 |   1966 |   4 | 1119.8 |
     Snake Pit |   4383 |   4064 |    319 |    775 |   1971 |   4 | 1095.8 |
    Slime Pits |   4153 |   3897 |    256 |   1338 |   1477 |   5 |  830.6 |
  Orcish Mines |   3377 |   3069 |    308 |    975 |   1055 |   2 | 1688.5 |
   Elven Halls |   6229 |   5723 |    506 |   1922 |   1654 |   3 | 2076.3 |
         Sewer |    794 |    794 |      0 |     14 |    600 |   1 |  794.0 |
        Bailey |    422 |    422 |      0 |    111 |      0 |   1 |  422.0 |
      Ice Cave |    934 |    934 |      0 |    515 |     28 |   1 |  934.0 |
               +--------+--------+--------+--------+--------+-----+--------+

Top non-repeatable levels by time:
   Elf:3: 3097 daAuts
    D:11: 1870 daAuts
     D:7: 1866 daAuts
   Orc:2: 1849 daAuts
  Lair:3: 1827 daAuts
   Elf:2: 1813 daAuts
     D:6: 1780 daAuts
  Lair:4: 1708 daAuts
    D:15: 1553 daAuts
   Orc:1: 1528 daAuts
Shoals:3: 1504 daAuts
    D:12: 1447 daAuts
 Slime:2: 1401 daAuts
     D:5: 1369 daAuts
  Lair:5: 1336 daAuts
